 Dungeon Crawl Stone Soup version 0.28-a0-401-ge240ad9e29 (webtiles) character file.

Game seed: 17173664770000427357

102 speeev33 the Skirmisher (level 4, -3/41 HPs)
             Began as a Hill Orc Fighter on Sept 4, 2021.
             Slain by a hobgoblin (5 damage)
             ... led by Robin
             ... on level 2 of the Dungeon.
             The game lasted 00:02:22 (1568 turns).

speeev33 the Skirmisher (Hill Orc Fighter)          Turns: 1568, Time: 00:02:22

Health: -3/41      AC:  9    Str: 19    XL:     4   Next: 78%
Magic:  4/4        EV:  9    Int:  8    God:
Gold:   101        SH:  4    Dex: 10    Spells: 3/3 levels left

rFire   . . .      SeeInvis .   a - +0 war axe
rCold   . . .      Faith    .   c - +0 buckler
rNeg    . . .      Spirit   .   b - +0 scale mail
rPois   .          Reflect  .   (no helmet)
rElec   .          Harm     .   (no cloak)
rCorr   .          Rampage  .   j - +0 pair of gloves
Will    .....                   e - +0 pair of boots
Stlth   ..........              f - amulet of the acrobat
HPRegen 0.13/turn               (no ring)
MPRegen 0.09/turn               (no ring)

@: mighty
A: no striking features
a: no special abilities


You were on level 2 of the Dungeon.
You visited 1 branch of the dungeon, and saw 2 of its levels.

You collected 101 gold pieces.

Inventory:

Hand Weapons
 a - a +0 war axe (weapon)
Missiles
 i - 18 poisoned darts (quivered)
Armour
 b - a +0 scale mail (worn)
 c - a +0 buckler (worn)
 e - a +0 pair of boots (worn)
 j - a +0 pair of gloves (worn)
Jewellery
 f - an amulet of the acrobat (around neck)
Scrolls
 g - a scroll of amnesia
 h - a scroll of identify
 l - a scroll of acquirement {unknown}


   Skills:
 + Level 4.9 Fighting
 + Level 4.5 Axes
 - Level 3.2 Armour
 - Level 4.0 Shields


You had 3 spell levels left.
You didn't know any spells.
Your spell library contained the following spells:

 Spells                   Type           Power      Damage    Failure   Level
 Slow                     Hex            0%         N/A       88%         2
 Confusing Touch          Hex            0%         N/A       98%         3
 Yara's Violent Unravell  Hex/Tmut       0%         3d3       100%        5


Dungeon Overview and Level Annotations

Branches:
Dungeon (2/15)

Altars:


Message History

Robin barely misses you.
A hobgoblin comes into view.
You barely miss Robin. Robin hits you with a +0 trident!
Robin hits you with a +0 trident.
You closely miss Robin. Robin hits you but does no damage.
You barely miss Robin. Robin hits you but does no damage.
Robin throws the goblin at you! The goblin misses you.
You barely miss the goblin. Robin hits you but does no damage.
The goblin hits you with a +0 dagger.
* * * LOW HITPOINT WARNING * * *
Robin hits you but does no damage.
You miss the goblin. The goblin hits you but does no damage.
Robin roars a battlecry!
The hobgoblin goes into a battle-frenzy!
You hit the goblin.
The goblin is moderately wounded.
You block the goblin's attack.
Robin hits you from afar with a +0 trident.
* * * LOW HITPOINT WARNING * * *
The goblin hits you but does no damage.
It was a potion of curing.
You feel better.
Robin hits you from afar with a +0 trident.
* * * LOW HITPOINT WARNING * * *
The goblin hits you with a +0 dagger.
* * * LOW HITPOINT WARNING * * *
You feel very mighty all of a sudden. Robin barely misses you.
The goblin hits you but does no damage. Robin completely misses you.
Items here: ))) ††.
You slash Robin!
Robin is almost dead.
You slash the goblin!
You kill the goblin!
Robin hits you but does no damage.
You slash Robin!
You kill Robin!
You closely miss the hobgoblin. The hobgoblin hits you.
* * * LOW HITPOINT WARNING * * *
You closely miss the hobgoblin. The hobgoblin hits you.
You die...

........##.##
#.#####.....# ..#
#.....# ####
#######.....#.. ..)###
# ...............
..... . #######.##+###
gg.#### # #†# .......
#.#############)..####
#.#
#.......))@g...)...?..
..
#..###################
#.# #..# #.. #..# #.
#..# #. #..# ## #..#
###+### ...# #######
#.....# #.....#
#.....#


You could see a hobgoblin (strong).

Vanquished Creatures
  An orc wizard (D:2)
  Robin (D:2)
  A dart slug (D:2)
  4 orcs (D:2)
  3 endoplasms
  3 giant cockroaches
  5 hobgoblins
  2 jackals (D:2)
  3 kobolds (D:1)
  3 quokkas
  7 ball pythons
  4 bats (D:1)
  14 goblins
  3 rats
54 creatures vanquished.

Vanquished Creatures (others)
  A plant (D:2)
1 creature vanquished.

Grand Total: 55 creatures vanquished

Notes
Turn   | Place    | Note
-------+----------+-------------------------------------------
     0 | D:1      | speeev33 the Hill Orc Fighter began the quest for the Orb.
     0 | D:1      | Reached XP level 1. HP: 19/19 MP: 1/1
    68 | D:1      | Reached XP level 2. HP: 22/27 MP: 2/2
   581 | D:1      | Reached XP level 3. HP: 27/33 MP: 3/3
  1325 | D:2      | Reached XP level 4. HP: 26/41 MP: 4/4
  1536 | D:2      | Noticed Robin
  1566 | D:2      | Killed Robin
  1567 | D:2      | HP: 2/41 [hobgoblin[Robin] (4)]
  1568 | D:2      | Slain by a hobgoblin

Illustrated notes

Levels and vault maps discovered:
D:1:      mrwooster_arrival_statue_3, layout_loops_ring, dk_noncrumbling_4,
          amcnicky_mini_pool_small
D:2:      layout_basic, serial_forest, infiniplex_forest_zigzag_2,
          infiniplex_forest_corner_1, infiniplex_forest_end_2,
          infiniplex_forest_end_3, uniq_robin

Skill      XL: |  1  2  3 |
---------------+----------+-----
Axes           | 3 4 |  4.5
Fighting       | 4 |  4.9
Shields        | 4 |  4.0
Armour         | |  3.2

Action                   |  1- 3 |  4- 6 || total
-------------------------+-------+-------++-------
Melee: War axe           |   105 |    30 ||   135
  Use: Scroll            |     2 |       ||     2
       Potion            |       |     2 ||     2
Armor: Scale mail        |    54 |    21 ||    75
Dodge: Dodged            |    55 |    13 ||    68
Block: Buckler           |    22 |     5 ||    27

Table legend: (Time is in decaauts)
 A = Elapsed time spent in this place.
 B = Non-inter-level travel time spent in this place.
 C = Inter-level travel time spent in this place.
 D = Time resting spent in this place.
 E = Time spent auto-exploring this place.
 F = Levels seen in this place.
 G = Mean time per level.
                   A        B        C        D        E       F      G
               +--------+--------+--------+--------+--------+-----+--------+
         Total |   1612 |   1546 |     66 |    154 |   1025 |   2 |  806.0 |
       Dungeon |   1612 |   1546 |     66 |    154 |   1025 |   2 |  806.0 |
               +--------+--------+--------+--------+--------+-----+--------+

Top non-repeatable levels by time:
     D:1: 953 daAuts
     D:2: 659 daAuts
